 Dungeon Crawl Stone Soup version 0.17-a0-1831-gaadb308 (webtiles) character file.

107211 shakdrar the Warrior (level 15, -3/193 HPs)
             Began as a Demonspawn Berserker on Sept 14, 2015.
             Was a High Priest of Trog.
             Killed from afar by a starcursed mass (8 damage)
             ... with an accursed screaming
             ... on level 1 of the Abyss.
             The game lasted 03:38:26 (36417 turns).

shakdrar the Warrior (Demonspawn Berserker)        Turns: 36417, Time: 03:38:26

Health: -3/193     AC: 25    Str: 24    XL:     15   Next: 99%
Magic:  0/22       EV: 12    Int:  9    God:    Trog [*****.]
Gold:   2682       SH:  6    Dex:  7    Spells: 0 memorised, 14 levels left

rFire  . . .     SeeInvis .     Q - +2 war axe (freeze)
rCold  + . .     Rnd*Rage +     f - +2 scale mail {rPois}
rNeg   + . .     SustAt   .     z - +2 buckler
rPois  +         Gourm    .     s - +1 hat
rElec  .         Spirit   +     E - +2 cloak
rCorr  .         Warding  .     m - +1 pair of gloves
rMut   .         Stasis   .     t - +2 pair of boots
MR     +++..                    L - amulet of guardian spirit
Stlth  ..........               X - ring of positive energy (curse)
                                U - ring of flight

@: berserking (expiring), regenerating, very quick, extremely resistant to
hostile enchantments, extremely unstealthy
A: hooves 2, rough black scales 2, berserk 1, blink, breathe flames 1, clumsy 2,
cold resistance 1, deformed body, demonic guardian 1, deterioration 1, slow
healing 1, weak 2, magic shield, magic regeneration, no device heal 1, subdued
magic 1, MP-powered wands
a: Blink, Burn Spellbooks, Berserk, Trog's Hand, Brothers in Arms, Renounce
Religion, Breathe Fire, Evoke Flight


You were on level 1 of the Abyss.
You worshipped Trog.
Trog was extremely pleased with you.
You were not hungry.

You visited 7 branches of the dungeon, and saw 27 of its levels.
You visited the Abyss 1 time.
You also visited: Ossuary and Ice Cave.

You collected 2997 gold pieces.
You spent 315 gold pieces at shops.

Inventory:

Hand weapons
 e - a +4 antimagic executioner's axe
 g - a +3 spear of flaming
 y - a +1 trident of pain
 C - a +2 halberd of chopping
 H - a +3 hand axe of electrocution
 O - a +1 antimagic demon trident
 Q - a +2 war axe of freezing (weapon)
 T - a +1 battleaxe of distortion
 V - a +4 demon trident of protection
Missiles
 q - 5 javelins of penetration
 I - 5 poisoned tomahawks
 P - 17 silver javelins (quivered)
Armour
 f - a +2 scale mail of poison resistance (worn)
 m - a +1 pair of gloves (worn)
 s - a +1 hat (worn)
 t - a +2 pair of boots (worn)
 z - a +2 buckler (worn)
 E - a +2 cloak (worn)
 K - a +2 chain mail of fire resistance
Jewellery
 a - a cursed ring of teleportation
 h - an uncursed amulet of warding {unknown}
 L - an amulet of guardian spirit (around neck)
 R - an uncursed ring of fire
 U - a ring of flight (left hand)
 X - a cursed ring of positive energy (right hand)
Magical devices
 w - a wand of polymorph (12)
 x - a wand of lightning (0)
 F - a wand of disintegration (13)
 J - a wand of fire (3)
 M - a wand of digging (6)
 N - a wand of draining (7)
 W - a wand of paralysis (12)
Scrolls
 b - a scroll of magic mapping
 d - 4 scrolls of fog
 k - 4 scrolls of fear
 l - 5 scrolls of teleportation
 u - 4 scrolls of remove curse
 G - a scroll of summoning
 S - a scroll of silence
Potions
 n - a potion of flight
 o - 2 potions of resistance
 r - 3 potions of haste
 v - 6 potions of curing
 A - 2 potions of cancellation
 B - 3 potions of agility
Books
 p - the Grimoire of Unholy Secrets
   (You found it on level 1 of the Elven Halls)

   Spells                             Type                      Level
   a - Animate Skeleton               Necromancy                   1
   b - Pain                           Necromancy                   1
   c - Corpse Rot                     Necromancy                   2
   d - Vampiric Draining              Necromancy                   3
   e - Animate Dead                   Necromancy                   4
   f - Agony                          Necromancy                   5
   Trog disapproves of the use of such an item.
 D - a book of Air

   Spells                             Type                      Level
   a - Shock                          Conjuration/Air              1
   b - Swiftness                      Charms/Air                   2
   c - Repel Missiles                 Charms/Air                   2
   d - Static Discharge               Conjuration/Air              3
   e - Lightning Bolt                 Conjuration/Air              5
   Trog disapproves of the use of such an item.
 Y - the Incunabulum of Protection and Air
   (You found it on level 8 of the Lair of Beasts)

   Spells                             Type                      Level
   a - Repel Missiles                 Charms/Air                   2
   b - Swiftness                      Charms/Air                   2
   c - Ozocubu's Armour               Charms/Ice                   3
   d - Iskenderun's Battlesphere      Conjuration/Charms           5
   e - Deflect Missiles               Charms/Air                   6
   Trog disapproves of the use of such an item.
Miscellaneous
 Z - a phial of floods
Comestibles
 c - 8 bread rations
 i - 21 fruits


   Skills:
 + Level 15.0 Fighting
 - Level 3.1(9.1) Axes
 - Level 12.9(13.0) Polearms
 - Level 8.1 Throwing
 - Level 10.1 Armour
 * Level 9.1 Dodging
 - Level 6.0 Shields
 - Level 10.1 Evocations


You had 14 spell levels left.
You didn't know any spells.

Dungeon Overview and Level Annotations

Branches:
Dungeon (11/15)            Temple (1/1) D:4            Lair (8/8) D:8
 Shoals (1/4) Lair:4        Snake (1/4) Lair:6        Slime (0/6) Lair:7
    Orc (4/4) D:9             Elf (1/3) Orc:3

Altars:
Ashenzari
Cheibriados
Dithmenos
Elyvilon
Fedhas
Gozag
Makhleb
Okawaru
Qazlal
Ru
Trog
Vehumet
Xom
Yredelemnul

Shops:
Orc:4 :(*[

Annotations:
Lair:5 exclusion: 2 oklob plants
Snake:1 Louise


Innate Abilities, Weirdness & Mutations

You have hoof-like feet.
You are mostly covered in rough black scales (AC +7, Dex -2).
A weak demonic guardian rushes to your aid.
When hurt, damage is shared between your health and your magic reserves.
You regenerate magic rapidly.
You can translocate small distances at will.
You can breathe flames.
Your flesh is cold resistant.
[You tend to lose your temper in combat.]
[You are very clumsy. (Dex -4)]
[Armour fits poorly on your strangely shaped body.]
[Your body sometimes deteriorates upon taking damage.]
[You heal slowly when monsters are visible.]
[You are very weak. (Str -4)]
[Potions and wands are less effective at restoring your health.]
[Your spells are a little easier to cast, but a little less powerful.]
[You expend magic power (3 MP) to strengthen your wands.]


Message History

The wretched star is heavily damaged.
You barely miss the large abomination.
The large abomination is severely damaged.
The large abomination closely misses you.
You hit the starcursed mass. You freeze the starcursed mass.
The starcursed mass is severely damaged.
You closely miss the wretched star.
The wretched star is heavily damaged.
The starcursed mass shudders and is absorbed by its neighbour.
You slash the starcursed mass! You freeze the starcursed mass!
You destroy the starcursed mass!
You completely miss the starcursed mass.
The starcursed mass is moderately damaged.
You slash the large abomination! You freeze the large abomination!
You destroy the large abomination!
Your white imp gestures at the wretched star.
The puff of frost hits the wretched star.
The wretched star resists.
A chorus of shrieks assaults your mind.
You die...

....... . ......
#...?.....(...⌠...
..................
#...#../...........
..........⌠........
...................
.#..#..............
........X.....⌠...
.
......x*@.X.....#.
.......5...........
...................
..................
#...#..)......... .
###................
####......... ...
#####....... . #
.####


You could see 2 starcursed masses, a wretched star, a small abomination and a
friendly white imp.

Vanquished Creatures
  Rupert (Lair:7)
  A kraken (Shoals:1)
  Gastronok (Orc:1)
  A frost giant (IceCv)
  An orc warlord (Orc:4)
  A deep elf death mage (Elf:1)
  Josephine (Orc:3)
  A naga warrior (Snake:1)
  3 anacondas (Snake:1)
  2 hydras
  A centaur warrior (D:10)
  2 death yaks
  A thrashing horror (Abyss:1)
  Urug (Orc:3)
  An orc high priest (Orc:4)
  A naga sharpshooter (Snake:1)
  2 deep elf knights (Elf:1)
  3 sea snakes (Shoals:1)
  3 deep elf summoners (Elf:1)
  An ice statue (IceCv)
  2 naga ritualists (Snake:1)
  6 hill giants
  Pikel (D:7)
  3 necromancers (Elf:1)
  3 deep elf conjurers (Elf:1)
  3 large abominations
  3 orc knights
  3 orc sorcerers (Orc:4)
  A cyclops (Orc:4)
  3 manticores
  3 griffons
  6 elephants
  2 salamanders (Snake:1)
  A water nymph (Shoals:1)
  13 spiny frogs
  Maurice (D:8)
  2 naga magi (Snake:1)
  9 black mambas
  2 sirens (Shoals:1)
  A gargoyle (D:10)
  2 smoke demons (Abyss:1)
  8 komodo dragons
  A hellwing (Abyss:1)
  6 trolls
  23 polar bears
  A spriggan druid (Lair:8)
  A two-headed ogre (Orc:4)
  3 fire drakes
  4 deep elf priests (Elf:1)
  17 blink frogs
  A merfolk (Shoals:1)
  A shadow (Abyss:1)
  A snapping turtle (Lair:4)
  8 deep elf magi
  5 redbacks (Lair:8)
  6 wraiths
  A basilisk (Lair:2)
  11 spriggans (Lair:8)
  A water elemental (Shoals:1)
  Eustachio (D:6)
  57 yaks
  9 deep elf fighters (Elf:1)
  A small abomination (Abyss:1)
  7 hippogriffs
  44 wolves
  A hungry ghost (D:8)
  10 wargs
  5 nagas
  10 water moccasins
  12 porcupines
  7 ice beasts
  A phantom (D:9)
  5 wasps
  20 orc warriors
  6 black bears
  2 sky beasts
  3 centaurs
  2 necrophages
  5 ogres
  14 crocodiles
  18 giant frogs
  Blork the orc (D:4)
  2 big kobolds (D:10)
  A gnoll sergeant (D:10)
  A wyvern zombie (D:7)
  10 killer bees
  16 wights
  5 scorpions
  A vampire bat (D:5)
  2 centaur zombies
  5 hounds
  21 orc wizards
  2 quasits
  8 crimson imps
  A giant frog skeleton (D:8)
  18 orc priests
  7 starcursed masses (Abyss:1)
  2 giant frog zombies
  An iron imp (Abyss:1)
  6 jellies
  A gnoll shaman (D:10)
  13 worker ants
  4 centaur skeletons
  8 iguanas
  13 sheep
  A killer bee zombie (D:8)
  2 hound zombies
  2 hound skeletons (D:7)
  3 mummies (Ossuary)
  8 gnolls
  A worker ant zombie (D:7)
  12 adders
  70 river rats
  2 shadow imps
  12 white imps (Orc:3)
  An ufetubus (Abyss:1)
  An ooze (Lair:7)
  2 adder skeletons (D:4)
  2 adder zombies (Ossuary)
  A worm (D:3)
  3 fire bats (D:5)
  4 giant geckos
  154 orcs
  2 spectral bats (D:5)
  4 ball pythons (D:5)
  A bat simulacrum (D:5)
  3 bat skeletons (D:5)
  A bat zombie (D:5)
  4 giant cockroaches
  A gnoll zombie (Ossuary)
  10 goblins
  8 hobgoblins
  8 jackals
  3 quokkas
  14 bats
  8 giant newts
  5 goblin zombies (Ossuary)
  4 hobgoblin zombies (Ossuary)
  15 kobolds
  2 kobold zombies (Ossuary)
  2 quokka zombies (Ossuary)
  11 rats
  2 rat zombies (Ossuary)
  A tentacle (Shoals:1)
977 creatures vanquished.

Vanquished Creatures (collateral kills)
  Maud (Lair:7)
  Nessos (Orc:4)
  Snorg (Lair:8)
  The ghost of Urgaas the Fighter, a powerful DsGl of Sif Muna (IceCv)
  Harold (D:10)
  A hydra (Lair:5)
  An orc high priest (Orc:4)
  Nergalle (Lair:2)
  A hill giant (D:10)
  A necromancer (Elf:1)
  A griffon (Lair:6)
  A mana viper (Snake:1)
  A water nymph (Shoals:1)
  A manticore (Shoals:1)
  2 black mambas
  3 elephants (Lair:8)
  A spiny frog (Lair:6)
  2 komodo dragons
  An ancient zyme (Abyss:1)
  Prince Ribbit (D:6)
  3 polar bears
  3 blink frogs
  2 spriggans (Lair:8)
  6 yaks
  2 small abominations (Abyss:1)
  A hippogriff (Lair:7)
  A basilisk (Lair:3)
  Menkaure (D:4)
  2 water moccasins
  4 wolves (Lair:8)
  4 orc warriors (Orc:4)
  A black bear (Lair:8)
  A wasp (Lair:8)
  4 necrophages (Lair:2)
  3 crocodiles
  2 giant frogs
  A scorpion (D:4)
  3 wights
  4 starcursed masses (Abyss:1)
  A hound (D:9)
  An orc priest (Orc:1)
  An iron imp (Abyss:1)
  An iguana (Lair:4)
  An orc wizard (D:4)
  3 sheep
  A hound skeleton (D:6)
  A river rat (Lair:3)
  An adder (D:6)
  A worm (D:3)
  16 orcs
  A giant cockroach (D:6)
101 creatures vanquished.

Vanquished Creatures (others)
  2 slaves
  A worker ant (D:10)
  A worker ant zombie (D:10)
  An adder (D:7)
  A giant gecko (D:10)
  A fire vortex (Lair:3)
  8 fungi
  2 plants
  10 tentacles (Shoals:1)
  558 tentacle segments (Shoals:1)
585 creatures vanquished.

Grand Total: 1663 creatures vanquished

Notes
Turn   | Place    | Note
--------------------------------------------------------------
     0 | D:1      | shakdrar the Demonspawn Berserker began the quest for the Orb.
     0 | D:1      | Reached XP level 1. HP: 18/18 MP: 1/1
   203 | D:1      | Gained mutation: A weak demonic guardian rushes to your aid. [demonic ancestry]
   203 | D:1      | Reached XP level 2. HP: 16/24 MP: 2/2
   472 | D:1      | Acquired Trog's second power
   991 | D:1      | Gained mutation: When hurt, damage is shared between your health and your magic reserves. [demonic ancestry]
   991 | D:1      | Reached XP level 3. HP: 29/29 MP: 3/3
  1228 | D:2      | Reached skill level 1 in Shields
  1469 | D:2      | Reached XP level 4. HP: 32/35 MP: 4/4
  1634 | D:2      | Reached skill level 1 in Polearms
  1676 | D:2      | Gained mutation: You can breathe flames. [potion of beneficial mutation]
  1677 | D:2      | Gained mutation: Your flesh is cold resistant. [potion of beneficial mutation]
  2203 | D:3      | Reached XP level 5. HP: 24/41 MP: 2/5
  2894 | D:4      | Found a shattered altar of Ashenzari.
  2953 | D:4      | Reached XP level 6. HP: 47/47 MP: 4/6
  3017 | D:4      | Found a staircase to the Ecumenical Temple.
  3107 | D:4      | Found a blossoming altar of Fedhas.
  3140 | D:4      | Noticed Blork the orc
  3233 | D:4      | Noticed Menkaure
  3244 | D:4      | Killed Menkaure
  3303 | D:4      | Killed Blork the orc
  3405 | D:4      | Reached skill level 4 in Shields
  3441 | D:4      | Gained mutation: You regenerate magic rapidly. [demonic ancestry]
  3441 | D:4      | Reached XP level 7. HP: 49/52 MP: 7/7
  3656 | D:4      | Found a stormy altar of Qazlal.
  3695 | D:5      | Entered Level 5 of the Dungeon
  4980 | D:5      | Reached skill level 5 in Shields
  5213 | D:5      | Acquired Trog's third power
  5430 | D:6      | Noticed Eustachio
  5480 | D:5      | Gained mutation: You have large cloven feet. [demonic ancestry]
  5480 | D:5      | Reached XP level 8. HP: 58/58 MP: 8/8
  5827 | D:5      | Reached skill level 6 in Shields
  6106 | D:6      | Killed Eustachio
  6106 | D:6      | Reached skill level 5 in Armour
  6106 | D:6      | Reached skill level 1 in Evocations
  6164 | D:6      | Noticed Prince Ribbit
  6722 | D:6      | Killed Prince Ribbit
  6805 | D:6      | Reached XP level 9. HP: 59/64 MP: 11/11
  6837 | D:6      | Reached skill level 5 in Polearms
  7586 | D:7      | Found a burning altar of Makhleb.
  7837 | D:7      | Found a sand-covered staircase.
  7867 | Ossuary  | Entered an ossuary
  8209 | D:7      | Reached skill level 7 in Armour
  8224 | D:7      | Reached skill level 5 in Evocations
  8461 | D:7      | You fall through a shaft for 2 floors!
  8464 | D:9      | Found a staircase to the Orcish Mines.
  9010 | D:8      | Reached XP level 10. HP: 65/72 MP: 12/14
  9107 | D:7      | Reached skill level 5 in Fighting
  9493 | D:7      | Noticed Pikel
  9507 | D:7      | Killed Pikel
 10015 | D:8      | Noticed Maurice
 10129 | D:8      | Killed Maurice
 10129 | D:8      | Reached skill level 8 in Armour
 10629 | D:8      | Found a staircase to the Lair.
 10869 | D:9      | Noticed a manticore
 10894 | D:9      | Killed a manticore
 11198 | D:9      | Found a shadowy altar of Dithmenos.
 11204 | D:9      | Found a radiant altar of Vehumet.
 11221 | D:9      | Found an opulent altar of Gozag.
 11466 | Lair:1   | Entered Level 1 of the Lair of Beasts
 11473 | Lair:1   | Got a blackened chain mail
 11484 | Lair:1   | Identified the cursed +1 chain mail of Dim Light {Str-5 Dex+4 Stlth+} (You found it on level 1 of the Lair of Beasts)
 11597 | Lair:1   | Got a warped long sword
 11598 | Lair:1   | Identified the +2 long sword of Udeo {freeze, +Rage Stlth+} (You found it on level 1 of the Lair of Beasts)
 11608 | Lair:1   | Noticed a black mamba
 11618 | Lair:1   | Killed a black mamba
 11778 | Lair:1   | Found a shimmering altar of Xom.
 12043 | Lair:1   | Reached XP level 11. HP: 58/84 MP: 16/16
 12304 | Lair:1   | Reached skill level 9 in Armour
 12510 | Lair:1   | Gained mutation: You can translocate small distances at will. [potion of beneficial mutation]
 14367 | Lair:2   | Noticed Nergalle
 15014 | Lair:3   | Reached skill level 10 in Armour
 15595 | Lair:3   | Identified the Disquisition on Flames and Arcane Weapons
 16246 | Lair:4   | Gained mutation: You are partially covered in rough black scales (AC +4, Dex -1). [demonic ancestry]
 16246 | Lair:4   | Reached XP level 12. HP: 95/95 MP: 15/17
 16337 | Lair:4   | Noticed a death yak
 16359 | Lair:4   | Killed a death yak
 16764 | Lair:4   | Found a staircase to the Shoals.
 17200 | Lair:5   | Reached skill level 10 in Fighting
 17354 | Lair:5   | Received a gift from Trog
 17867 | Lair:5   | Noticed a six-headed hydra
 17875 | Lair:5   | Killed a six-headed hydra
 18010 | Lair:5   | Received a gift from Trog
 19136 | Lair:6   | Noticed a six-headed hydra
 19149 | Lair:6   | Killed a six-headed hydra
 19149 | Lair:6   | Reached skill level 10 in Polearms
 19295 | Lair:6   | Found a staircase to the Snake Pit.
 20278 | Lair:7   | Found a basalt altar of Yredelemnul.
 20355 | Lair:7   | Noticed Maud
 20362 | Lair:7   | Killed Maud
 20362 | Lair:7   | Reached skill level 11 in Fighting
 20362 | Lair:7   | Reached XP level 13. HP: 93/106 MP: 18/20
 20390 | Lair:7   | Found a staircase to the Slime Pits.
 20393 | Lair:7   | Noticed Rupert
 20412 | Lair:7   | Killed Rupert
 20413 | Lair:7   | Reached skill level 10 in Evocations
 21297 | Lair:7   | Found a snail-covered altar of Cheibriados.
 21358 | Lair:8   | Entered Level 8 of the Lair of Beasts
 21390 | Lair:8   | Received a gift from Trog
 21392 | Lair:8   | Reached skill level 1 in Throwing
 21624 | Lair:8   | Noticed Snorg
 21647 | Lair:8   | HP: 5/106 [Snorg (4)]
 22686 | Lair:8   | Reached skill level 12 in Fighting
 22819 | Lair:8   | Killed Snorg
 23171 | Lair:8   | Identified the Incunabulum of Protection and Air
 23785 | Lair:8   | Reached skill level 5 in Throwing
 23796 | Lair:8   | Received a gift from Trog
 23941 | Lair:8   | Gained mutation: You have hoof-like feet. [demonic ancestry]
 23941 | Lair:8   | Reached XP level 14. HP: 116/116 MP: 19/21
 24234 | Lair:2   | Received a gift from Trog
 24329 | Lair:2   | Killed Nergalle
 24504 | Temple   | Entered the Ecumenical Temple
 24662 | Orc:1    | Entered Level 1 of the Orcish Mines
 24861 | Orc:1    | Noticed Gastronok
 24880 | Orc:1    | Killed Gastronok
 25773 | Orc:3    | Found a frozen archway.
 25804 | IceCv    | Entered an ice cave
 25831 | IceCv    | Received a gift from Trog
 26273 | IceCv    | Noticed Urgaas's ghost (powerful DsGl)
 26283 | IceCv    | Killed Urgaas's ghost
 26403 | IceCv    | Received a gift from Trog
 26407 | IceCv    | Reached skill level 13 in Fighting
 26673 | IceCv    | Noticed a frost giant
 26700 | IceCv    | Killed a frost giant
 27131 | Orc:3    | Noticed Josephine
 27142 | Orc:3    | Killed Josephine
 27189 | Orc:3    | Noticed Urug
 27263 | Orc:3    | Killed Urug
 27459 | Orc:3    | Received a gift from Trog
 27719 | Orc:3    | Received a gift from Trog
 27880 | Orc:3    | Found a staircase to the Elven Halls.
 28088 | Orc:4    | Entered Level 4 of the Orcish Mines
 28221 | Orc:4    | Found Kuf Zetu's General Store.
 28309 | Orc:4    | Found Kunoef's Antique Armour Emporium.
 28317 | Orc:4    | Bought a distressingly furry scale mail for 315 gold pieces
 28317 | Orc:4    | Identified the cursed +0 scale mail "Foyfiufa" {Int+4} (You bought it in a shop on level 4 of the Orcish Mines)
 28651 | Orc:4    | Found Roem's Book Shop.
 28726 | Orc:4    | Noticed an orc warlord
 28734 | Orc:4    | Received a gift from Trog
 28745 | Orc:4    | Paralysed by an orc sorcerer for 4 turns
 28765 | Orc:4    | Found Uvuh's Antique Weapon Shoppe.
 28786 | Orc:4    | Killed an orc warlord
 28790 | Orc:4    | Noticed Nessos
 28799 | Orc:4    | Killed Nessos
 29460 | D:10     | Entered Level 10 of the Dungeon
 29607 | D:10     | Gained mutation: You are mostly covered in rough black scales (AC +7, Dex -2). [demonic ancestry]
 29607 | D:10     | Reached XP level 15. HP: 119/125 MP: 20/22
 29658 | D:10     | Noticed Harold
 29663 | D:10     | Killed Harold
 29977 | D:10     | Received a gift from Trog
 30099 | D:10     | Reached skill level 14 in Fighting
 30669 | D:10     | Received a gift from Trog
 32147 | Elf:1    | Entered Level 1 of the Elven Halls
 32183 | Elf:1    | Reached skill level 5 in Dodging
 32484 | Elf:1    | Received a gift from Trog
 33813 | Elf:1    | Identified the Grimoire of Unholy Secrets
 34236 | Shoals:1 | Entered Level 1 of the Shoals
 34558 | Shoals:1 | Received a gift from Trog
 34985 | Shoals:1 | Noticed a kraken
 35016 | Shoals:1 | Killed a kraken
 35356 | Snake:1  | Entered Level 1 of the Snake Pit
 35356 | Snake:1  | Found a bloodstained altar of Trog.
 36039 | Snake:1  | Noticed Louise
 36069 | Snake:1  | Cast into the Abyss (Louise)
 36272 | Abyss:1  | Received a gift from Trog
 36273 | Abyss:1  | Reached skill level 15 in Fighting
 36298 | Abyss:1  | Paralysed by accursed screaming for 2 turns
 36408 | Abyss:1  | Paralysed by accursed screaming for 2 turns
 36411 | Abyss:1  | HP: 9/193 [starcursed mass/accursed screaming (8)]
 36414 | Abyss:1  | HP: 2/193 [starcursed mass/accursed screaming (9)]
 36417 | Abyss:1  | Killed from afar by a starcursed mass

Vault maps used:
D:1:      tarquinn_simple_flora_water_b
D:2:      minmay_stone_trees_small, minmay_misc_feat_square
D:4:      grunt_temple_overflow_forces_of_nature, evilmike_ruin_ashenzari,
          minmay_temple_entry_grid, first_bread, uniq_blork_the_orc,
          uniq_menkaure
D:5:      portal_sewer_entry_e, goddamned_bats
D:6:      lemuel_upstairs_altar, kennysheep_windowed_goal, uniq_prince_ribbit1,
          uniq_eustachio
D:7:      makhleb_blood_cavern_becter, enter_ossuary_1, uniq_pikel
D:8:      lair_0_dummy, grunt_ogre_cave, uniq_maurice
D:9:      minmay_overflow_temple_star_quad, orc_0_dummy
D:10:     minmay_imperfect_grid, uniq_harold
D:11:     minmay_misc_feat_roman
Temple:   circular_temple_12
Lair:1:   basic_altar, eino_small_chamber_without_monster
Lair:2:   roderic_carrion_pond, lemuel_fruit_tree, uniq_nergalle
Lair:4:   minmay_shoals_entry_hut, beast_lair_carwin_10
Lair:5:   minmay_lair_oklob_chamber
Lair:6:   minmay_snake_entry_guardpost_small
Lair:7:   nicolae_slime_entry_slimehenge, basic_altar, lemuel_centaur_altar,
          bh_autumn_forest_stairs, uniq_rupert, uniq_maud
Lair:8:   minmay_lair_end_enchanted_forest, infiniplex_staircase_pool,
          uniq_snorg
Snake:1:  basic_altar, uniq_louise
Orc:1:    uniq_gastronok
Orc:3:    portal_ice_cave_entry_imps, nicolae_orc_pool_cavern, uniq_josephine,
          uniq_urug
Orc:4:    grunt_orc_gardens, grunt_orc_garden, grunt_orc_garden,
          grunt_orc_garden, grunt_orc_garden, uniq_nessos
Elf:1:    minmay_elf_necromancy
Ossuary:  ossuary_minmay_chase
IceCv:    ice_cave_caverns_01

Action                   |  1- 3 |  4- 6 |  7- 9 | 10-12 | 13-15 || total
-------------------------+-------+-------+-------+-------+-------++-------
Melee: Hand axe          |    71 |       |       |    14 |    46 ||   131
       Spear             |    52 |   172 |   919 |  1349 |   425 ||  2917
       Demon trident     |       |       |       |    27 |  1801 ||  1828
       War axe           |       |       |       |       |    98 ||    98
       Executioner's axe |       |       |       |       |    19 ||    19
       Trident           |       |       |       |       |    12 ||    12
Invok: Berserk           |     2 |     2 |     7 |    18 |    23 ||    52
       Trog's Hand       |       |       |     2 |     2 |     3 ||     7
       Burn Spellbooks   |       |       |     1 |     2 |     5 ||     8
       Brothers in Arms  |       |       |       |     2 |    15 ||    17
 Abil: Breathe Fire      |       |       |     1 |     4 |     1 ||     6
       Blink             |       |       |       |     1 |     3 ||     4
Evoke: Wand              |       |       |       |       |    34 ||    34
  Use: Scroll            |     4 |     7 |    16 |    10 |    20 ||    57
       Potion            |     1 |     4 |     2 |     6 |     9 ||    22
 Stab: Sleeping          |       |     6 |     1 |       |       ||     7
       Distracted        |       |       |     1 |     9 |    11 ||    21
  Eat: Meat ration       |     1 |       |       |     3 |     2 ||     6
       Pizza             |       |     1 |       |       |     3 ||     4
       Bread ration      |       |     2 |     5 |     1 |     3 ||    11
       Chunk             |       |     1 |       |    34 |    40 ||    75
       Fruit             |       |       |     1 |       |       ||     1
       Beef jerky        |       |       |       |     7 |     5 ||    12
       Royal jelly       |       |       |       |       |     1 ||     1
